3AAA
CALGARY LYNX @ MILTON DOGFISH HEAD
08/18/2041
 
TOP OF THE 1ST
Calgary Lynx batting - Pitching for Milton Dogfish Head : RHP António Morales
Pitching: RHP António Morales
Batting: SHB John Hawley 0-0: Ball
1-0: Foul Ball, location: 2F
1-1: Called Strike
1-2: SINGLE (Groundball, 25, EV 66.2 MPH) (infield hit)
Batting: LHB Tim O'Neal 0-0: Fly out, F9 (Flyball, 89M, EV 90.0 MPH)
Batting: LHB Henry Buckley 0-0: Ball
1-0: Called Strike
John Hawley steals 2nd base
1-1: Ball
2-1: Foul Ball, location: 2F
2-2: Strikes out swinging
Batting: LHB Jeff Hershberger 0-0: Ground out 4-3 (Groundball, 4, EV 86.9 MPH)
Top of the 1st over - 0 runs, 1 hit, 0 errors, 1 left on base; Calgary 0 - Milton 0
BOTTOM OF THE 1ST
Milton Dogfish Head batting - Pitching for Calgary Lynx : RHP Lorenzo Díaz
Pitching: RHP Lorenzo Díaz
Batting: RHB Arnie Taylor 0-0: Fly out, F8 (Flyball, 8LD, EV 98.1 MPH)
Batting: RHB Tyler Marés 0-0: Called Strike
0-1: Foul Ball, location: 2F
0-2: Ball
1-2: Foul Ball, location: 2F
1-2: Ball
2-2: Foul Ball, location: 2F
2-2: Strikes out swinging
Batting: RHB William Penn 0-0: Called Strike
0-1: Ground out 5-3 (Groundball, 56S, EV 78.1 MPH)
Bottom of the 1st over - 0 runs, 0 hits, 0 errors, 0 left on base; Calgary 0 - Milton 0
TOP OF THE 2ND
Calgary Lynx batting - Pitching for Milton Dogfish Head : RHP António Morales
Batting: SHB Abraham In de Boomgaert 0-0: Ball
1-0: Ball
2-0: Ball
3-0: Called Strike
3-1: Foul Ball, location: 2F
3-2: Foul Ball, location: 2F
3-2: SINGLE (Line Drive, 8LS, EV 108.1 MPH)
Batting: RHB Manny Moons 0-0: Ball
1-0: SINGLE (Line Drive, 6D, EV 98.8 MPH)
Abraham In de Boomgaert to second
Batting: RHB Tobias Valencia 0-0: Ball
1-0: Called Strike
1-1: Foul Ball, location: 2F
1-2: Strikes out swinging
Batting: RHB Isagani Gorre 0-0: Called Strike
0-1: Ball
1-1: Foul Ball, location: 2F
1-2: Ball
2-2: SINGLE (Flyball, 78S, EV 89.4 MPH)
Abraham In de Boomgaert to third
Manny Moons to second
Runner from 3rd tries for Home, SAFE, throw by CF to home
Batting: RHB Sehinsah Al-Fanari 0-0: Ball
1-0: Ball
2-0: Fly out, F5 (Line Drive, 5, EV 70.0 MPH)
Batting: SHB John Hawley 0-0: Foul Ball, location: 2F
0-1: Ball
1-1: Foul Ball, location: 2F
1-2: Foul Ball, location: 2F
1-2: Ball
2-2: Ball
3-2: Strikes out swinging
Top of the 2nd over - 1 run, 3 hits, 0 errors, 2 left on base; Calgary 1 - Milton 0
BOTTOM OF THE 2ND
Milton Dogfish Head batting - Pitching for Calgary Lynx : RHP Lorenzo Díaz
Batting: RHB Colton Pennington 0-0: Ball
1-0: Ball
2-0: Called Strike
2-1: SINGLE (Flyball, 8LS, EV 87.5 MPH)
Batting: RHB Cédric Causse 0-0: Foul Ball, location: 2F
0-1: Grounds into double play, 6-4-3 (Groundball, 6, EV 81.2 MPH)
Batting: RHB Anthony Hollis 0-0: Ball
1-0: SINGLE (Line Drive, 8LS, EV 100.6 MPH)
Batting: RHB Bobby Norris 0-0: Ball
1-0: Ball
2-0: Ball
3-0: Base on Balls
Anthony Hollis to second
Batting: LHB Seika Hagiwara 0-0: Foul Ball, location: 2F
0-1: Swinging Strike
0-2: Ground out 1-3 (Groundball, 34S, EV 89.4 MPH)
Bottom of the 2nd over - 0 runs, 2 hits, 0 errors, 2 left on base; Calgary 1 - Milton 0
TOP OF THE 3RD
Calgary Lynx batting - Pitching for Milton Dogfish Head : RHP António Morales
Batting: LHB Tim O'Neal 0-0: Ball
1-0: Called Strike
1-1: Swinging Strike
1-2: Ball
2-2: Foul Ball, location: 2F
2-2: Ball
3-2: Ground out 4-3 (Groundball, 4, EV 78.1 MPH)
Batting: LHB Henry Buckley 0-0: Called Strike
0-1: Ball
1-1: Ball
2-1: Ball
3-1: Foul Ball, location: 2F
3-2: SINGLE (Groundball, 4S, EV 92.5 MPH) (infield hit)
Batting: LHB Jeff Hershberger 0-0: Called Strike
0-1: Ball
Wild Pitch!
Henry Buckley to second
1-1: Ball
2-1: Ball
3-1: Called Strike
3-2: 2-RUN HOME RUN (Flyball, 89XD, EV 108.8 MPH), Distance : 404 ft
Batting: SHB Abraham In de Boomgaert 0-0: Ball
1-0: Called Strike
1-1: SINGLE (Line Drive, 78M, EV 101.9 MPH)
Batting: RHB Manny Moons 0-0: Ball
1-0: Ball
2-0: SINGLE (Line Drive, 89S, EV 91.9 MPH)
Abraham In de Boomgaert to second
Runner from 2nd tries for 3rd, SAFE, no throw by CF
Batting: RHB Tobias Valencia 0-0: Called Strike
0-1: Foul Ball, location: 2F
0-2: Ball
Manny Moons steals 2nd base
1-2: Ball
2-2: Foul Ball, location: 2F
2-2: Foul Ball, location: 2F
2-2: Strikes out swinging
Batting: RHB Isagani Gorre 0-0: Ball
1-0: Ball
2-0: Ball
3-0: Called Strike
3-1: Ground out 4-3 (Groundball, 4, EV 100.6 MPH)
Top of the 3rd over - 2 runs, 4 hits, 0 errors, 2 left on base; Calgary 3 - Milton 0
BOTTOM OF THE 3RD
Milton Dogfish Head batting - Pitching for Calgary Lynx : RHP Lorenzo Díaz
Batting: RHB Troy Flynn 0-0: Ball
1-0: Ball
2-0: Foul Ball, location: 2F
2-1: Foul Ball, location: 2F
2-2: Ball
3-2: Foul Ball, location: 2F
3-2: Fly out, F2 (Popup, 2R, EV 95.0 MPH)
Batting: RHB Arnie Taylor 0-0: DOUBLE (Groundball, 5L, EV 96.9 MPH)
Batting: RHB Tyler Marés 0-0: Foul Ball, location: 2F
0-1: Ball
1-1: Ground out 6-3 (Groundball, 6M, EV 86.2 MPH)
Arnie Taylor to third
Batting: RHB William Penn 0-0: SINGLE (Groundball, 56D, EV 97.5 MPH)
Arnie Taylor scores
Batting: RHB Colton Pennington Pickoff Throw to First - Error! E1
William Penn to second
0-0: Ball
1-0: Swinging Strike
1-1: Ball
2-1: Called Strike
2-2: Ball
Wild Pitch!
William Penn to third
3-2: Base on Balls
Batting: RHB Cédric Causse 0-0: Ball
1-0: Called Strike
1-1: Swinging Strike
1-2: Strikes out swinging
Bottom of the 3rd over - 1 run, 2 hits, 1 error, 2 left on base; Calgary 3 - Milton 1
TOP OF THE 4TH
Calgary Lynx batting - Pitching for Milton Dogfish Head : RHP António Morales
Batting: RHB Sehinsah Al-Fanari 0-0: Ball
1-0: Ball
2-0: Ball
3-0: Base on Balls
Batting: SHB John Hawley 0-0: Ball
1-0: Fielders Choice at 2nd, 4-6 (Groundball, 4, EV 81.9 MPH)
Batting: LHB Tim O'Neal 0-0: Ball
John Hawley steals 2nd base (no throw)
1-0: Ball
2-0: Foul Ball, location: 2F
2-1: Fly out, F6 (Line Drive, 6, EV 69.4 MPH)
Batting: LHB Henry Buckley 0-0: Ball
1-0: Foul Ball, location: 2F
1-1: Foul Ball, location: 2F
1-2: Ball
2-2: Foul Ball, location: 2F
2-2: Ball
3-2: Base on Balls
Pitching: RHP Dave Haynes
Batting: LHB Jeff Hershberger 0-0: Ball
1-0: SINGLE (Groundball, 4MD, EV 105.0 MPH)
John Hawley to third
Henry Buckley to second
Runner from 3rd tries for Home, SAFE, throw by CF to home
Batting: SHB Abraham In de Boomgaert 0-0: Called Strike
0-1: Fielders Choice at 2nd, 5-4 (Groundball, 56, EV 87.5 MPH)
Top of the 4th over - 1 run, 1 hit, 0 errors, 2 left on base; Calgary 4 - Milton 1
BOTTOM OF THE 4TH
Milton Dogfish Head batting - Pitching for Calgary Lynx : RHP Lorenzo Díaz
Batting: RHB Anthony Hollis 0-0: Ball
1-0: Foul Ball, location: 2F
1-1: Ball
2-1: DOUBLE (Line Drive, 89M, EV 93.8 MPH)
Batting: RHB Bobby Norris 0-0: Called Strike
0-1: Ball
1-1: Ball
2-1: Foul Ball, location: 2F
2-2: Foul Ball, location: 2F
2-2: Ball
3-2: Ground out 4-3 (Groundball, 4, EV 106.9 MPH)
Anthony Hollis to third
Batting: LHB Seika Hagiwara 0-0: Fly out, F8 (Flyball, 8LD, EV 99.4 MPH)
Runner from 3rd tags up, SCORES, throw by CF
Batting: RHB Troy Flynn 0-0: Foul Ball, location: 2F
0-1: Ground out 1-3 (Groundball, 15, EV 90.6 MPH)
Bottom of the 4th over - 1 run, 1 hit, 0 errors, 0 left on base; Calgary 4 - Milton 2
TOP OF THE 5TH
Calgary Lynx batting - Pitching for Milton Dogfish Head : RHP Dave Haynes
Batting: RHB Manny Moons 0-0: Ball
1-0: Foul Ball, location: 2F
1-1: Ball
2-1: Fly out, F9 (Flyball, 9LSF, EV 82.5 MPH)
Batting: RHB Tobias Valencia 0-0: SOLO HOME RUN (Flyball, 7LD, EV 97.5 MPH), Distance : 374 ft
Batting: RHB Isagani Gorre 0-0: Called Strike
0-1: SINGLE (Line Drive, 4D, EV 108.8 MPH)
Batting: RHB Sehinsah Al-Fanari 0-0: Ball
1-0: Grounds into double play, 6-4-3 (Groundball, 56, EV 88.8 MPH)
Top of the 5th over - 1 run, 2 hits, 0 errors, 0 left on base; Calgary 5 - Milton 2
BOTTOM OF THE 5TH
Milton Dogfish Head batting - Pitching for Calgary Lynx : RHP Lorenzo Díaz
Batting: RHB Arnie Taylor 0-0: Ball
1-0: Ball
2-0: Called Strike
2-1: Foul Ball, location: 2F
2-2: Foul Ball, location: 2F
2-2: Foul Ball, location: 2F
2-2: SINGLE (Line Drive, 56, EV 96.9 MPH)
Batting: RHB Tyler Marés 0-0: Fly out, F9 (Flyball, 9S, EV 93.8 MPH)
Batting: RHB William Penn 0-0: Called Strike
0-1: Ball
Arnie Taylor steals 2nd base
1-1: Ball
2-1: Called Strike
2-2: Ground out 4-3 (Groundball, 4, EV 100.0 MPH)
Arnie Taylor to third
Batting: RHB Colton Pennington 0-0: Ball
1-0: Ball
2-0: Foul Ball, location: 2F
2-1: Foul Ball, location: 2F
2-2: SINGLE (Line Drive, 56D, EV 95.6 MPH)
Arnie Taylor scores
Batting: RHB Cédric Causse 0-0: Called Strike
0-1: Ball
1-1: Fly out, F4 (Line Drive, 4, EV 66.9 MPH)
Bottom of the 5th over - 1 run, 2 hits, 0 errors, 1 left on base; Calgary 5 - Milton 3
TOP OF THE 6TH
Calgary Lynx batting - Pitching for Milton Dogfish Head : RHP Dave Haynes
Batting: SHB John Hawley 0-0: Called Strike
0-1: Ball
1-1: Swinging Strike
1-2: Ball
2-2: Strikes out swinging
Batting: LHB Tim O'Neal 0-0: Fly out, F8 (Flyball, 89D, EV 95.6 MPH)
Batting: LHB Henry Buckley 0-0: Foul Ball, location: 2F
0-1: Swinging Strike
0-2: Ball
1-2: Foul Ball, location: 2F
1-2: Ground out U3 (Groundball, 3, EV 87.5 MPH)
Top of the 6th over - 0 runs, 0 hits, 0 errors, 0 left on base; Calgary 5 - Milton 3
BOTTOM OF THE 6TH
Milton Dogfish Head batting - Pitching for Calgary Lynx : RHP Lorenzo Díaz
Batting: RHB Anthony Hollis 0-0: Ball
1-0: Swinging Strike
1-1: Called Strike
1-2: Ball
2-2: Fly out, F7 (Flyball, 7, EV 78.1 MPH)
Batting: RHB Bobby Norris 0-0: Called Strike
0-1: Ball
1-1: Ball
2-1: Foul Ball, location: 2F
2-2: Strikes out looking
Batting: LHB Seika Hagiwara 0-0: SOLO HOME RUN (Flyball, 9LD, EV 111.2 MPH), Distance : 340 ft
Batting: RHB Troy Flynn 0-0: Foul Ball, location: 2F
0-1: Foul Ball, location: 2F
0-2: Ball
1-2: Fly out, F7 (Flyball, 7LS, EV 85.6 MPH)
Bottom of the 6th over - 1 run, 1 hit, 0 errors, 0 left on base; Calgary 5 - Milton 4
TOP OF THE 7TH
Calgary Lynx batting - Pitching for Milton Dogfish Head : RHP Dave Haynes
Batting: LHB Jeff Hershberger 0-0: Ball
1-0: Ball
2-0: Foul Ball, location: 2F
2-1: Ball
3-1: Foul Ball, location: 2F
3-2: Fly out, F9 (Flyball, 9S, EV 81.2 MPH)
Batting: SHB Abraham In de Boomgaert 0-0: SOLO HOME RUN (Flyball, 9D, EV 104.4 MPH), Distance : 367 ft
Batting: RHB Manny Moons 0-0: Fly out, F7 (Flyball, 78S, EV 83.8 MPH)
Batting: RHB Tobias Valencia 0-0: Called Strike
0-1: Swinging Strike
0-2: Strikes out swinging
Top of the 7th over - 1 run, 1 hit, 0 errors, 0 left on base; Calgary 6 - Milton 4
BOTTOM OF THE 7TH
Milton Dogfish Head batting - Pitching for Calgary Lynx : RHP Lorenzo Díaz
Batting: RHB Arnie Taylor 0-0: Called Strike
0-1: Ball
1-1: Ball
2-1: SINGLE (Line Drive, 7S, EV 96.9 MPH)
Pitching: RHP John O'Reilly
Batting: RHB Tyler Marés 0-0: Ball
1-0: Ball
2-0: Fly out, F9 (Flyball, 9LS, EV 82.5 MPH)
Batting: RHB William Penn 0-0: Ball
1-0: Ball
2-0: Ball
3-0: Called Strike
3-1: SINGLE (Line Drive, 4MD, EV 96.2 MPH)
Arnie Taylor to second
Runner from 2nd tries for 3rd, SAFE, throw by CF made to third
Batting: RHB Colton Pennington 0-0: Called Strike
0-1: Foul Ball, location: 2F
0-2: 3-RUN HOME RUN (Flyball, 78XD, EV 92.5 MPH), Distance : 418 ft
Batting: RHB Cédric Causse 0-0: Ball
1-0: Called Strike
1-1: Ground out 5-3 (Groundball, 56, EV 104.4 MPH)
Batting: RHB Anthony Hollis 0-0: Ground out 4-3 (Groundball, 34, EV 82.5 MPH)
Bottom of the 7th over - 3 runs, 3 hits, 0 errors, 0 left on base; Calgary 6 - Milton 7
TOP OF THE 8TH
Calgary Lynx batting - Pitching for Milton Dogfish Head : RHP Dave Haynes
Now at 1B: Lawrence O'Neal
Batting: RHB Isagani Gorre 0-0: Called Strike
0-1: Foul Ball, location: 2F
0-2: Fly out, F8 (Line Drive, 8LD, EV 104.4 MPH)
Batting: RHB Sehinsah Al-Fanari 0-0: Swinging Strike
0-1: Ball
1-1: Foul Ball, location: 2F
1-2: SINGLE (Line Drive, 56, EV 95.6 MPH)
Pitching: RHP De Dion-Bouton
Batting: SHB John Hawley 0-0: Ball
1-0: Called Strike
1-1: Swinging Strike
1-2: Ball
2-2: Foul Ball, location: 2F
2-2: Ball
3-2: Base on Balls
Sehinsah Al-Fanari to second
Pinch Runner at 2nd Gerardo Ponce de Leon:
Batting: LHB Tim O'Neal 0-0: Ball
1-0: Fielders Choice at 2nd, 1-6 (Groundball, 34S, EV 84.4 MPH)
Gerardo Ponce de Leon to third
Batting: LHB Henry Buckley 0-0: Foul Ball, location: 2F
0-1: SINGLE (Line Drive, 78M, EV 103.1 MPH)
Gerardo Ponce de Leon scores
Tim O'Neal to second
Batting: LHB Jeff Hershberger 0-0: Called Strike
0-1: Ball
1-1: SINGLE (Flyball, 7S, EV 88.8 MPH)
Tim O'Neal to third
Henry Buckley to second
Runner from 3rd tries for Home, SAFE, throw by LF to home
Pinch Runner at 2nd António González:
Batting: SHB Abraham In de Boomgaert 0-0: Ball
1-0: Ball
2-0: Ball
3-0: Base on Balls
António González to third
Jeff Hershberger to second
Batting: RHB Manny Moons 0-0: Ball
1-0: Swinging Strike
1-1: Ball
2-1: Foul Ball, location: 2F
2-2: Strikes out looking
Top of the 8th over - 2 runs, 3 hits, 0 errors, 3 left on base; Calgary 8 - Milton 7
BOTTOM OF THE 8TH
Milton Dogfish Head batting - Pitching for Calgary Lynx : RHP John O'Reilly
Now at C: Bertrand Pick
Batting: RHB Bobby Norris 0-0: Called Strike
0-1: Ball
1-1: Called Strike
1-2: Foul Ball, location: 2F
1-2: Ball
2-2: Ball
3-2: Strikes out looking
Batting: LHB Seika Hagiwara 0-0: Ball
1-0: Ball
2-0: Called Strike
2-1: Foul Ball, location: 2F
2-2: Ground out 6-3 (Groundball, 6, EV 94.4 MPH)
Batting: RHB Troy Flynn 0-0: Called Strike
0-1: Foul Ball, location: 2F
0-2: Ball
1-2: Ground out 1-3 (Groundball, P, EV 69.4 MPH)
Bottom of the 8th over - 0 runs, 0 hits, 0 errors, 0 left on base; Calgary 8 - Milton 7
TOP OF THE 9TH
Calgary Lynx batting - Pitching for Milton Dogfish Head : RHP De Dion-Bouton
Batting: RHB Tobias Valencia 0-0: Ball
1-0: Ball
2-0: Called Strike
2-1: Swinging Strike
2-2: Ground out U3 (Groundball, 3L, EV 78.1 MPH)
Batting: RHB Isagani Gorre 0-0: Swinging Strike
0-1: Swinging Strike
0-2: Ball
1-2: Ground out 3-1 (Groundball, 34, EV 84.4 MPH)
Batting: RHB Bertrand Pick 0-0: Ball
1-0: Ball
2-0: Fly out, F4 (Popup, 4S, EV 67.5 MPH)
Top of the 9th over - 0 runs, 0 hits, 0 errors, 0 left on base; Calgary 8 - Milton 7
BOTTOM OF THE 9TH
Milton Dogfish Head batting - Pitching for Calgary Lynx : RHP John O'Reilly
Batting: RHB Arnie Taylor 0-0: Ball
1-0: SINGLE (Line Drive, 9LM, EV 95.6 MPH)
Pitching: RHP Haweeyo Nasteexo
Batting: RHB Tyler Marés 0-0: Called Strike
0-1: Ball
1-1: Bunted foul
1-2: Grounds into double play, 6-4-3 (Groundball, 6, EV 98.1 MPH)
Batting: RHB William Penn 0-0: Ball
1-0: Ball
2-0: Called Strike
2-1: Ground out 6-3 (Groundball, 56S, EV 87.5 MPH)
Bottom of the 9th over - 0 runs, 1 hit, 0 errors, 0 left on base; Calgary 8 - Milton 7
Tuesday, January 5th, 2021 - OOTP Baseball 20.8 Build 74